[Event "Early-Titled-Tuesday-Blitz-October-17-2023"]
[Site "Chess.com"]
[Date "2023.10.17"]
[Round "6"]
[White "AndresDelgado77"]
[Black "a-z30"]
[Result "1-0"]
[WhiteElo "2350"]
[BlackElo "2486"]
[TimeControl "180+1"]
[EndTime "9:11:14 PDT"]
[Termination "AndresDelgado77 won by checkmate"]

1. e4 Nf6 2. e5 Nd5 3. d4 d6 4. Bc4 Nb6 5. Bb3 d5 6. Ne2 e6 7. O-O c5 8. c3 Nc6 9. f4 Bd7 10. Be3 cxd4 11. cxd4 Nc4 12. Bc1 Qb6 13. Nbc3 Rc8 14. Rb1 Nxd4 15. Nxd4 Bc5 16. Ne2 O-O 17. Kh1 f6 18. Nf3 fxe5 19. Bxc4 e4 20. Ne5 Be8 21. Bb3 Bb5 22. a4 Ba6 23. Nd7 Bxe2 24. Qxe2 Qxb3 25. Nxf8 Rxf8 26. Bd2 Qxa4 27. b4 Bb6 28. Ra1 Qd7 29. Rfd1 h6 30. Be3 d4 31. Bxd4 Bxd4 32. Qxe4 e5 33.
fxe5 Bxa1 34. Qc4+ Qf7 35. e6 Qe7 36. Rd7 Rd8 37.
Rxd8+ Qxd8 38. e7+ Kh7 39. exd8=Q Bf6 40. Qdd3+ Kh8 41.
Qg6 Bd8 42. Qcf7 Bf6 43. Qf8# 1-0

[Event "Early-Titled-Tuesday-Blitz-October-17-2023"]
[Site "Chess.com"]
[Date "2023.10.17"]
[Round "6"]
[White "maurovargas01"]
[Black "Nekoo04"]
[Result "1-0"]
[WhiteElo "1928"]
[BlackElo "2247"]
[TimeControl "180+1"]
[EndTime "9:11:14 PDT"]
[Termination "maurovargas01 won by resignation"]

1. e4 c5 2. Nc3 Nc6 3. f4 g6 4. Nf3 Bg7 5. Nd5 e6 6. Ne3 d5 7. e5 f6 8. exf6 Nxf6 9. d3 O-O 10. g3 Qd6 11. c3 e5 12. fxe5 Nxe5 13. Bg2 d4 14.
Nc4 Nxc4 15. dxc4 Re8+ 16. Kf1 Be6 17. b3 Bg4 18. Bf4 Qd7 19. cxd4 cxd4 20. Qxd4 Bxf3 21.
Qxd7 Bxg2+ 22. Kxg2 Nxd7 23. Rad1 Ne5 24. Rd5 Rad8 25. Rhd1 Nc6 26. Rd7 Rxd7 27. Rxd7 Re7 28. Rd5 Re2+ 29. Kf3 Rxa2 30. h4 Nd4+ 31. Kg4 h5+ 32.
Kh3 Nf3 33. Rd8+ Kf7 34. g4 Ng1+ 35. Kg3 hxg4 36. Kxg4 Ne2 37. Rd7+ Kf6 38. Bg5+ Ke6 39. Rxg7 Rb2 40. Rxg6+ Kf7 41. Rf6+ Kg7 42. Re6 Kf7 43.
Re5 Nd4 44. Re7+ Kg8 45. Rd7 Rxb3 46. Rxd4 a5 47. Kh5 a4 48. Kg6 Rb6+ 49. Bf6 1-0

[Event "Early-Titled-Tuesday-Blitz-October-17-2023"]
[Site "Chess.com"]
[Date "2023.10.17"]
[Round "6"]
[White "KIEV-1"]
[Black "Gyulamiryan-koryun"]
[Result "1-0"]
[WhiteElo "2277"]
[BlackElo "1931"]
[TimeControl "180+1"]
[EndTime "9:11:14 PDT"]
[Termination "KIEV-1 won by resignation"]

1. e4 e5 2. Nf3 Nc6 3. Bc4 Nf6 4. d3 Be7 5. Nc3 O-O 6. h3 d6 7. Be3 a6 8. d4 b5 9. Bb3 b4 10. Nd5 Nxe4 11. Nxe7+ Qxe7 12. Bd5 exd4 13. Nxd4 Ng3 14. Rg1 Nxd4 15. Bxa8 Ndf5 16. Qf3 Nxe3 17. Qxe3 Qxe3+ 18. fxe3 Nf5 19. Kd2 Be6 20. Be4 Ng3 21. Bd3 c5 22.
b3 a5 23. e4 d5 24. exd5 Bxd5 25. a3 Rd8 26. axb4 axb4 27. Ra5 c4 28. bxc4 Bxc4 29.
Rb1 Ne4+ 30. Ke3 Bxd3 31. cxd3 Nc3 32. Rxb4 g6 33. Kd2 Nd5 34. Rd4 Rb8 35. Rdxd5 Rb2+ 36. Ke3 Rxg2 37. Ra7 Rg3+ 38. Kf4 Rxh3 39. Rdd7 Rh4+ 40. Kg3 Rh1 41. Rxf7 g5 42. Rg7+ Kf8 43. Rxh7 Rg1+ 44. Kf2 1-0

[Event "Early-Titled-Tuesday-Blitz-October-17-2023"]
[Site "Chess.com"]
[Date "2023.10.17"]
[Round "6"]
[White "Jospem"]
[Black "js20000"]
[Result "1-0"]
[WhiteElo "3116"]
[BlackElo "2887"]
[TimeControl "180+1"]
[EndTime "9:11:15 PDT"]
[Termination "Jospem won by resignation"]

1. e4 c6 2. d4 d5 3. e5 Bf5 4.
h4 h6 5. g4 Be4 6. f3 Bh7 7.
Bd3 Bxd3 8. Qxd3 e6 9. h5 c5 10. c3 Nc6 11. Be3 Qb6 12. Nd2 Qxb2 13. Rb1 Qxa2 14. dxc5 Qa6 15. Qxa6 bxa6 16. f4 Nge7 17. Ngf3 f5 18. g5 d4 19. cxd4 Nd5 20. Kf2 hxg5 21.
Nxg5 Be7 22. Nc4 Bxg5 23. fxg5 O-O 24. Kf3 f4 25. Bf2 Rab8 26. Rhc1 Rxb1 27. Rxb1 Rb8 28. Rxb8+ Nxb8 29. Na5 Nb4 30. Kxf4 N8c6 31. Nc4 Nd3+ 32. Ke3 Nxf2 33. Kxf2 Nxd4 34. Na5 Kf7 35. c6 Nb5 36.
Nc4 Ke7 37. Ke3 Nc7 38. Kd4 Nd5 39. Nd6 Kd8 40. h6 gxh6 41. gxh6 Ne7 42. h7 Ng6 43. Kc5 a5 44. Nb7+ Kc7 45. Nxa5 Nh8 46. Nc4 a6 47. Nd6 a5 48. Nb5+ Kc8 49. Kb6 a4 50. Nd6+ Kd8 51.
c7+ 1-0

[Event "Early-Titled-Tuesday-Blitz-October-17-2023"]
[Site "Chess.com"]
[Date "2023.10.17"]
[Round "6"]
[White "fu24"]
[Black "Semetey"]
[Result "0-1"]
[WhiteElo "2650"]
[BlackElo "2551"]
[TimeControl "180+1"]
[EndTime "9:11:15 PDT"]
[Termination "Semetey won by resignation"]

1. f4 a6 2. Nf3 b5 3. e4 Bb7 4. d3 d5 5. Nbd2 dxe4 6. dxe4 Nf6 7. e5 Nd5 8. Ne4 e6 9. Bd3 Nb4 10. Be3 Nxd3+ 11. cxd3 Nd7 12. O-O Be7 13. Rc1 O-O 14. Nc5 Nxc5 15. Bxc5 Bxc5+ 16. Rxc5 Bxf3 17. Qxf3 Qd4+ 18. Qf2 Qxd3 19. Rxc7 Rac8 20. Ra7 Rc6 21. Qf3 Qd4+ 22. Qf2 Qd5 23. h3 Qxa2 24. f5 exf5 25. Qxf5 g6 26. Qg5 Qxb2 27. Rf6 Qd4+ 28. Kh2 Rxf6 29. exf6 h6 30.
Qxh6 Qe5+ 31. Kh1 Qe1+ 32. Kh2 Qe5+ 33. Kh1 Qa1+ 34. Kh2 Qxf6 35. Qe3 Qd6+ 36. Kh1 Rc8 37. Re7 Kg7 38. Re4 Rc2 39. Kg1 b4 40. Rd4 Rc1+ 41. Kf2 Rc2+ 42. Kg1 Rc1+ 43. Kf2 Qf6+ 44. Rf4 Qb2+ 45.
Qe2 Rc2 0-1

[Event "Early-Titled-Tuesday-Blitz-October-17-2023"]
[Site "Chess.com"]
[Date "2023.10.17"]
[Round "6"]
[White "GMaka"]
[Black "HamedWafa4"]
[Result "1-0"]
[WhiteElo "2500"]
[BlackElo "2602"]
[TimeControl "180+1"]
[EndTime "9:11:15 PDT"]
[Termination "GMaka won on time"]

1. d4 Nf6 2. Nc3 d5 3. Bf4 e6 4.
e3 Bb4 5. Ne2 O-O 6. h3 Nbd7 7.
g4 Nb6 8. Bg2 Nc4 9. b3 Nd6 10.
a3 Ba5 11. b4 Bb6 12. Na4 Bd7 13. Nc5 Bxc5 14. bxc5 Nc4 15. Nc1 b6 16. Nd3 Ne4 17. Bxe4 dxe4 18. Ne5 Nxe5 19. Bxe5 Bb5 20. Qb1 Bc4 21.
a4 f6 22. Qb4 fxe5 23. Qxc4 exd4 24. Qxd4 Qxd4 25. exd4 Rf3 26. O-O Rd8 27. Rad1 Rc3 28. cxb6 axb6 29. Rfe1 Rxc2 30. Rxe4 Rd6 31. Kg2 Kf7 32.
Rf4+ Ke7 33. Re1 Rc4 34. Ree4 Rxa4 35. g5 b5 36. Re5 b4 37. Rc5 c6 38. Rc4 1-0

[Event "Early-Titled-Tuesday-Blitz-October-17-2023"]
[Site "Chess.com"]
[Date "2023.10.17"]
[Round "6"]
[White "chess_blitz00"]
[Black "The_Machine04"]
[Result "0-1"]
[WhiteElo "2559"]
[BlackElo "2693"]
[TimeControl "180+1"]
[EndTime "9:11:16 PDT"]
[Termination "The_Machine04 won by checkmate"]

1. d4 d6 2. Nf3 Nf6 3. Nc3 Nbd7 4. e4 e5 5. Bc4 Be7 6. O-O c6 7. a4 Qc7 8. h3 h6 9. b3 Nf8 10. Bb2 Ng6 11. Re1 O-O 12. Bd3 b6 13. Ne2 Re8 14.
Ng3 Bf8 15. c4 a5 16. Qc2 Be6 17. d5 Bd7 18. dxc6 Bxc6 19. Rad1 Nd7 20. Nf5 Nc5 21. Bc1 Ne7 22. Ne3 Rac8 23. Qb1 Qb7 24. Nd5 Nxd5 25. exd5 Bd7 26. Bc2 Rc7 27. Nd2 Qc8 28. Ne4 f5 29.
Nc3 g6 30. Be3 Bg7 31. Nb5 Bxb5 32. Bxc5 Rxc5 33. axb5 Rc7 34. Qa2 Rce7 35. Bd3 e4 36. Bf1 Qc5 37. Re2 f4 38. Qc2 g5 39. Rde1 e3 40.
f3 Rf7 41. Rd1 Qb4 42. Rd3 Rc8 43. Rd1 a4 44. bxa4 Rxc4 45. Qg6 Qxa4 46. Rb1 Qc2 47. Qxc2 Rxc2 48. Rxc2 Bd4 49. Be2 Ra7 50. Rd1 Bc5 51.
g3 Kg7 52. h4 Kf6 53. hxg5+ hxg5 54. Kg2 Ke5 55. Rh1 Rg7 56. Rd1 Ra7 57. Rdc1 Kxd5 58. Rd1+ Ke5 59. Bc4 Ra4 60. Rd5+ Kf6 61. Rd3 Rb4 62. Bb3 Rxb5 63. Rc4 d5 64. Rc2 d4 65. Bc4 Rb1 66. Kh3 Rh1+ 67. Kg4 Rg1 68. Rb3 Rxg3+ 69. Kh5 Rh3+ 70. Kg4 Rh4# 0-1

[Event "Early-Titled-Tuesday-Blitz-October-17-2023"]
[Site "Chess.com"]
[Date "2023.10.17"]
[Round "6"]
[White "AsadliVugar"]
[Black "Hovik_Hayrapetyan"]
[Result "1-0"]
[WhiteElo "2896"]
[BlackElo "2795"]
[TimeControl "180+1"]
[EndTime "9:11:17 PDT"]
[Termination "AsadliVugar won on time"]

1. e4 c5 2. Nc3 d6 3. f4 g6 4. Nf3 Bg7 5. Bb5+ Bd7 6. Bc4 Nc6 7. d3 e6 8. f5 exf5 9. O-O h6 10. Nb5 Be6 11. exf5 Bxf5 12. Bf4 Ne5 13. Bxe5 dxe5 14. g4 Be6 15. Bxe6 fxe6 16. Qe2 a6 17. Qe4 Ne7 18. Nc3 Qc7 19. Nh4 O-O-O 20. Nxg6 Rd4 21.
Nxe7+ Qxe7 22. Qg6 Qg5 23. Qxg5 hxg5 24. Ne4 Rh4 25.
h3 Rxh3 26. Rf7 Bh6 27. b3 Rh4 28. Kf2 Rxg4 29. Rh1 Rh4 30. Rxh4 gxh4 31. Rh7 Bf4 32. Rxh4 b6 33. Rh7 Kb8 34. Re7 Rd8 35. Rxe6 Kc7 36.
Re7+ Kc6 37. Re6+ Kc7 38. Kf3 Rh8 39. Nf6 Rh2 40. c4 Rxa2 41. Nd5+ Kd7 42. Rxb6 Rd2 43.
Ke4 Re2+ 44. Kf5 Rd2 45. Rb7+ Kc6 46. Rc7+ Kd6 47. Rc8 a5 48. Ra8 Kd7 49. Ra7+ Kd6 50. Nf6 Rxd3 51. Rd7+ Kc6 52. Rxd3 1-0

[Event "Early-Titled-Tuesday-Blitz-October-17-2023"]
[Site "Chess.com"]
[Date "2023.10.17"]
[Round "6"]
[White "Sychev_Klementy"]
[Black "Sokoloco"]
[Result "1-0"]
[WhiteElo "2856"]
[BlackElo "2701"]
[TimeControl "180+1"]
[EndTime "9:11:19 PDT"]
[Termination "Sychev_Klementy won by checkmate"]

1. e4 d6 2. d4 g6 3. Nc3 Bg7 4. Be3 a6 5. Nf3 b5 6. Bd3 Bb7 7. a4 b4 8. Ne2 Nd7 9. Ng3 a5 10. c3 bxc3 11. bxc3 Ngf6 12. O-O O-O 13. h3 e5 14. Rb1 Ba6 15. Bxa6 Rxa6 16. Re1 Qa8 17. Bg5 Rb8 18. Qd3 Rab6 19. dxe5 Nxe5 20. Nxe5 dxe5 21. Rxb6 Rxb6 22. Rd1 Rd6 23. Qc2 Qc6 24. Rxd6 cxd6 25. Qb3 Nd7 26. Be3 Bf6 27. Nf1 Qxe4 28. Qb5 Nc5 29.
Bxc5 dxc5 30. Qxa5 Qc4 31. Ne3 Qb3 32. Qa6 Bg5 33. Qc8+ Kg7 34. Qxc5 Qxa4 35. Ng4 Bf4 36.
g3 Qd1+ 37. Kg2 h5 38. gxf4 hxg4 39. Qxe5+ Kh7 40. Qe3 Qd5+ 41. Kh2 gxh3 42. Qxh3+ Kg7 43. Qe3 Kf6 44. Kg3 Kf5 45. f3 Qc4 46. Qe5# 1-0

[Event "Early-Titled-Tuesday-Blitz-October-17-2023"]
[Site "Chess.com"]
[Date "2023.10.17"]
[Round "6"]
[White "LeRoidesChampions"]
[Black "averageFM"]
[Result "1-0"]
[WhiteElo "2693"]
[BlackElo "2556"]
[TimeControl "180+1"]
[EndTime "9:11:22 PDT"]
[Termination "LeRoidesChampions won on time"]

1. d4 Nf6 2. Bf4 d5 3. e3 e6 4. Nf3 Bd6 5. Bd3 O-O 6. Nbd2 c5 7. c3 Qc7 8. Ne5 Nc6 9. Ndf3 h6 10. h4 cxd4 11.
exd4 Nd7 12. Qe2 Ncxe5 13. dxe5 Be7 14. Bc2 Nc5 15. O-O-O b5 16. Nd4 b4 17. cxb4 Ba6 18. b5 Bb7 19. Rh3 Ne4 20. f3 Nc5 21. Bxh6 Rfc8 22.
Rg3 Bf8 23. Qe3 f5 24. h5 Kh8 25. Bf4 a6 26. b6 Qxb6 27. h6 g6 28. Kb1 Rab8 29. Bg5 Bc6 30. Bf6+ Kh7 31. b3 Be8 32. Ne2 Na4 33. Qxb6 Rxb6 34. f4 Bb5 35. Bd3 Bxd3+ 36. Rgxd3 Nc5 37. Rc3 Rbc6 38. Rdc1 a5 39. Nd4 R6c7 40.
Nb5 Rc6 41. Nd6 d4 42. Rc4 Bxd6 43. exd6 1-0

[Event "Early-Titled-Tuesday-Blitz-October-17-2023"]
[Site "Chess.com"]
[Date "2023.10.17"]
[Round "6"]
[White "verrbaa"]
[Black "jaskol95"]
[Result "0-1"]
[WhiteElo "2450"]
[BlackElo "2607"]
[TimeControl "180+1"]
[EndTime "9:11:22 PDT"]
[Termination "jaskol95 won on time"]

1. e4 d5 2. exd5 Nf6 3. d4 Bg4 4. Nf3 Qxd5 5. Be2 e6 6. c4 Qf5 7. h3 Bxf3 8. Bxf3 c6 9. O-O Nbd7 10. Nc3 Be7 11. Re1 O-O 12. g4 Qg6 13. d5 cxd5 14. cxd5 Nc5 15. d6 Rfd8 16. Bf4 Bxd6 17. Bxd6 Nd3 18.
Bxb7 Nxe1 19. Bxa8 Nd3 20. Qf3 Rxd6 21. Ne4 Ne5 22. Nxf6+ gxf6 23. Qe4 h5 24. Qxg6+ fxg6 25. gxh5 gxh5 26. Rc1 Kf7 27. Rc7+ Rd7 28. Rxd7+ Nxd7 29. Kf1 e5 30. Ke2 Kg6 31. b4 Kg5 32. Bc6 Nb6 33. a4 Kh4 34. a5 Nc4 35. Bd7 e4 36. f3 exf3+ 37. Kxf3 Ne5+ 38. Kf4 Nxd7 39. b5 Kxh3 40. Kf5 Kg3 41. Ke6 Nc5+ 42. Kd5 Na4 0-1

[Event "Early-Titled-Tuesday-Blitz-October-17-2023"]
[Site "Chess.com"]
[Date "2023.10.17"]
[Round "6"]
[White "Hrant_ChessMood"]
[Black "I_am_Javi"]
[Result "0-1"]
[WhiteElo "2928"]
[BlackElo "2754"]
[TimeControl "180+1"]
[EndTime "9:11:23 PDT"]
[Termination "I_am_Javi won on time"]

1. d4 Nf6 2. c4 g6 3. Nc3 d6 4. e4 Bg7 5. Be2 O-O 6. h4 e5 7. d5 a5 8. h5 Na6 9. Bg5 h6 10.
Be3 g5 11. Nf3 Nd7 12. Nd2 Ndc5 13. a3 f5 14. f3 Bd7 15. b3 Qe7 16. Rb1 fxe4 17.
fxe4 Bc8 18. b4 Nd7 19. Bg4 axb4 20. axb4 Nf6 21. Bxc8 Raxc8 22. Qe2 Qd7 23. O-O Qe8 24.
g4 Qd7 25. Rf5 c6 26. dxc6 bxc6 27. c5 Nc7 28. cxd6 Ne6 29. Nc4 c5 30. bxc5 Nxc5 31.
Nb6 Qxd6 32. Nxc8 Rxc8 33. Qc4+ Kh7 34. Rd1 Qf8 35. Rdf1 Ncxe4 36. Qe6 Rxc3 37. R5f3 Qc8 38. Qxc8 Rxc8 39. Bb6 Nxg4 40. Rf7 Rc2 41. Rb7 Ngf6 42. Rf5 Rc1+ 43. Kg2 Rc2+ 44. Kf1 Ng3+ 45. Ke1 Nxf5 0-1

[Event "Early-Titled-Tuesday-Blitz-October-17-2023"]
[Site "Chess.com"]
[Date "2023.10.17"]
[Round "6"]
[White "zsoltkorpics"]
[Black "Maxfan2008"]
[Result "1-0"]
[WhiteElo "2339"]
[BlackElo "2512"]
[TimeControl "180+1"]
[EndTime "9:11:24 PDT"]
[Termination "zsoltkorpics won by checkmate"]

1. e4 c5 2. Nf3 d6 3. Nc3 Nf6 4. e5 dxe5 5. Nxe5 a6 6. g3 Qc7 7. d4 Nc6 8. Nxc6 Qxc6 9. d5 Qb6 10. Bg2 g6 11. O-O Bg7 12. Re1 Bg4 13. Qd3 Rd8 14.
Qe3 O-O 15. h3 Bf5 16. g4 Bd7 17. g5 Nh5 18. Ne4 Rc8 19. c3 Rfe8 20. Bf3 Bf5 21. Bxh5 gxh5 22. Ng3 Bg6 23. Qf3 Rcd8 24. c4 Qb4 25.
Be3 Qxc4 26. Nxh5 Bxb2 27. Rad1 Qh4 28. Ng3 Qxh3 29. Bxc5 Qd7 30. Re2 Rc8 31. Bb4 Bg7 32.
Rde1 e6 33. dxe6 Rxe6 34. Rxe6 fxe6 35. Ne4 Rc4 36. Rd1 Qe8 37. Nf6+ Bxf6 38. Qxf6 Rc8 39. Bc3 e5 40. Bxe5 Qc6 41. Qg7# 1-0

[Event "Early-Titled-Tuesday-Blitz-October-17-2023"]
[Site "Chess.com"]
[Date "2023.10.17"]
[Round "6"]
[White "Egor_Koshulyan"]
[Black "brm72"]
[Result "0-1"]
[WhiteElo "2719"]
[BlackElo "2542"]
[TimeControl "180+1"]
[EndTime "9:11:25 PDT"]
[Termination "brm72 won by checkmate"]

1. e4 c5 2. Nf3 d6 3. d4 cxd4 4. Qxd4 Nc6 5. Bb5 Bd7 6. Bxc6 Bxc6 7. Nc3 Nf6 8. Bg5 e6 9. O-O-O Be7 10. Qd3 Qa5 11.
Kb1 Qa6 12. Qe3 O-O 13. Nd4 b5 14. f3 b4 15. Nce2 Rfc8 16. g4 Qa5 17. h4 Qb6 18.
Qd2 a5 19. h5 a4 20. Be3 Qb7 21. Ng3 Nd7 22. g5 Ne5 23. g6 Nc4 24. Qe2 d5 25.
gxf7+ Kxf7 26. Bc1 b3 27. cxb3 axb3 28. a3 Bxa3 29. Rd3 Bc5 30. Nxb3 Qa7 31. exd5 Bxd5 32. Rxd5 exd5 33. Re1 Kg8 34. Qe6+ Kh8 35. Qxd5 Qa2+ 36. Kc2 Na3+ 37. Kd1 Rd8 38. Qxd8+ Rxd8+ 39. Bd2 Qxb3+ 40. Ke2 Qd3+ 41. Kd1 Qxd2# 0-1

[Event "Early-Titled-Tuesday-Blitz-October-17-2023"]
[Site "Chess.com"]
[Date "2023.10.17"]
[Round "6"]
[White "LUISMIGUELOV"]
[Black "ExcitingTrap"]
[Result "1-0"]
[WhiteElo "2174"]
[BlackElo "2398"]
[TimeControl "180+1"]
[EndTime "9:11:25 PDT"]
[Termination "LUISMIGUELOV won on time"]

1. d4 Nf6 2. c3 d5 3. Bg5 c5 4. Bxf6 gxf6 5. e3 Nc6 6. g3 Qb6 7.
Qb3 c4 8. Qxb6 axb6 9. Nd2 Bf5 10. Bg2 e6 11. e4 dxe4 12. Bxe4 Bxe4 13. Nxe4 Be7 14. Nf3 f5 15. Ned2 b5 16. O-O h5 17.
Rfe1 h4 18. d5 Nd8 19. dxe6 fxe6 20. Nd4 hxg3 21. hxg3 Kf7 22. Nxb5 Rc8 23. a4 Kf6 24. Kg2 Nf7 25. Rh1 Rhd8 26. Rad1 Ne5 27. Nf3 Nd3 28. Rd2 e5 29. Rh6+ Kg7 30. Rb6 e4 31. Nfd4 Bg5 32. Ne6+ Kg8 33. Nxd8 Bxd2 34. Ne6 Ne1+ 35.
Kf1 Nf3 36. Rxb7 Rc6 37. Nbd4 Ra6 38. Ke2 Bh6 39. Nxf3 exf3+ 40. Kxf3 Rxe6 41. Rb5 f4 42. gxf4 Kf7 43. a5 Kf6 44. Rc5 Ra6 45. Rxc4 Rxa5 46. b4 1-0

[Event "Early-Titled-Tuesday-Blitz-October-17-2023"]
[Site "Chess.com"]
[Date "2023.10.17"]
[Round "6"]
[White "kingapolak"]
[Black "eightbyeightchess"]
[Result "0-1"]
[WhiteElo "2153"]
[BlackElo "2434"]
[TimeControl "180+1"]
[EndTime "9:11:25 PDT"]
[Termination "eightbyeightchess won on time"]

1. e4 e6 2. d4 d5 3. Nd2 f6 4. exd5 exd5 5. Bd3 g6 6. h3 Bd6 7. Ngf3 Ne7 8. O-O Nbc6 9. c3 Bf5 10. Qc2 Bxd3 11.
Qxd3 Qd7 12. Re1 O-O-O 13. b4 Qf5 14. Qxf5+ Nxf5 15. Nb3 Rhe8 16. Bd2 b6 17. a4 g5 18. a5 b5 19. a6 h5 20. Nc5 g4 21. hxg4 hxg4 22.
Nh2 Bxh2+ 23. Kxh2 Rh8+ 24. Kg1 Rh5 25. Kf1 Ncxd4 26.
cxd4 Nxd4 27. g3 Rdh8 28. f4 gxf3 29. Kf2 Rh2+ 30. Ke3 Nc2+ 31. Kd3 Nxa1 32. Rxa1 Re8 33. Rf1 Ree2 34. Bc3 Ref2 35. Re1 Re2 36. Rf1 Re8 37.
Bxf6 f2 38. Bd4 Re1 39. Rxf2 Rxf2 40. Bxf2 Rb1 41. Kc3 Kd8 42. g4 Ke7 0-1

[Event "Early-Titled-Tuesday-Blitz-October-17-2023"]
[Site "Chess.com"]
[Date "2023.10.17"]
[Round "6"]
[White "giomar27"]
[Black "chessfatbear"]
[Result "0-1"]
[WhiteElo "2354"]
[BlackElo "2801"]
[TimeControl "180+1"]
[EndTime "9:11:26 PDT"]
[Termination "chessfatbear won by resignation"]

1. e4 g6 2. d4 Bg7 3. Nf3 c6 4. Nc3 d5 5. e5 Bg4 6. h3 Bxf3 7.
Qxf3 e6 8. Bd3 a6 9. Ne2 c5 10. c3 Nc6 11. O-O Nge7 12. Bg5 Qb6 13. Bf6 Bxf6 14.
exf6 Nf5 15. g4 Nd6 16. Qg3 O-O-O 17. dxc5 Qxc5 18. Rfc1 Ne4 19. Bxe4 dxe4 20. b4 Qg5 21. Qe3 Qxe3 22. fxe3 Rd3 23. Ng3 Rxe3 24. Kg2 Rd8 25.
Rd1 Red3 26. Re1 Rd2+ 27. Kg1 Ne5 28. Re2 Rxe2 29. Nxe2 Rd2 30. Kf2 Nc4 31. Re1 e5 32.
Kg1 Kd7 33. Ng3 e3 34. Ne4 Ke6 35. Nxd2 exd2 36. Rd1 e4 37. Kf2 e3+ 38. Ke2 Ke5 39. Rg1 Ke4 40. Rg3 g5 41. Rf3 d1=Q+ 0-1

[Event "Early-Titled-Tuesday-Blitz-October-17-2023"]
[Site "Chess.com"]
[Date "2023.10.17"]
[Round "6"]
[White "Makswolf200817"]
[Black "salomez"]
[Result "1-0"]
[WhiteElo "2683"]
[BlackElo "2337"]
[TimeControl "180+1"]
[EndTime "9:11:28 PDT"]
[Termination "Makswolf200817 won by resignation"]

1. d4 Nf6 2. c4 g6 3. g3 Bg7 4. Bg2 O-O 5. Nc3 d6 6. h3 Nc6 7. Nf3 e5 8. Be3 exd4 9. Nxd4 Ne5 10. b3 c6 11. O-O d5 12. cxd5 Nxd5 13. Nxd5 cxd5 14. Qd2 Be6 15. Rac1 Qd7 16. Kh2 a6 17. Qb4 Nc6 18. Nxc6 bxc6 19. Qc5 Rfc8 20. Rfd1 Bf8 21. Qa5 Qb7 22. Rc2 Qb5 23. Qd2 a5 24. Bh6 Bxh6 25.
Qxh6 a4 26. bxa4 Rxa4 27. Rcd2 Rca8 28. Ra1 Qc4 29. Rb2 Re8 30. Rc1 Qd4 31. Rd2 Qxf2 32. Rxc6 Ra3 33. Qg5 Re3 34. Rcc2 h6 35. Qf4 Qxf4 36.
gxf4 Kg7 37. a4 Ra8 38. Ra2 d4 39. Ra1 Ra5 40. Bf3 Kf6 41. Rxd4 Kf5 42. Kg2 g5 43. fxg5 hxg5 44. Kf2 Ke5 45. Kxe3 1-0

[Event "Early-Titled-Tuesday-Blitz-October-17-2023"]
[Site "Chess.com"]
[Date "2023.10.17"]
[Round "6"]
[White "pineapplepenn"]
[Black "DarZay"]
[Result "1-0"]
[WhiteElo "2408"]
[BlackElo "2222"]
[TimeControl "180+1"]
[EndTime "9:11:29 PDT"]
[Termination "pineapplepenn won on time"]

1. d4 d5 2. Bf4 c6 3. e3 Bf5 4. c4 e6 5. Nc3 Nf6 6. Nf3 Bd6 7. Bxd6 Qxd6 8. Qb3 b6 9. cxd5 exd5 10. Ne5 O-O 11. Be2 Nbd7 12. f4 Ne4 13. Nxe4 Bxe4 14.
O-O c5 15. Bb5 Nxe5 16. fxe5 Qg6 17. Rf2 c4 18. Qd1 a6 19. Ba4 b5 20. Bc2 Bxc2 21. Qxc2 Qxc2 22. Rxc2 f6 23. exf6 Rxf6 24. a4 Re8 25. Re2 b4 26. a5 Re4 27. Ra4 b3 28.
Rb4 Rfe6 29. Kf2 Kf7 30. Rb7+ Re7 31. Rb6 R4e6 32. Rb4 Kf6 33. Rb8 Kf5 34. Rf8+ Rf6 35. Rd8 Ke4+ 36. Ke1 Rf5 37. Kd2 g5 38. Rd6 h5 39.
Rxa6 Rff7 40. Rh6 h4 41. a6 Ra7 42. g4 Kf3 43. Rd6 Kxg4 44. Rxd5 Rxa6 45. Rg2+ Kf3 46. Rgxg5 Re7 47. Rde5 Rxe5 48. Rxe5 Kg2 49. Kc3 Kxh2 50. Kxc4 Kg2 51. Rg5+ Kf3 52. Rh5 Kg4 53. Rh8 Ra5 54. d5 1-0

[Event "Early-Titled-Tuesday-Blitz-October-17-2023"]
[Site "Chess.com"]
[Date "2023.10.17"]
[Round "6"]
[White "Ginzburg_Yakov"]
[Black "Kirill_Klukin"]
[Result "1-0"]
[WhiteElo "2568"]
[BlackElo "2665"]
[TimeControl "180+1"]
[EndTime "9:11:30 PDT"]
[Termination "Ginzburg_Yakov won on time"]

1. d4 d5 2. g3 Nf6 3. Bg2 e6 4. c4 Be7 5. Nf3 O-O 6. O-O c6 7. b3 b6 8. Bb2 Bb7 9. Nc3 a5 10. Qc2 Na6 11. a3 Rc8 12. e4 Rc7 13. e5 Nd7 14.
Rad1 Qa8 15. h4 h6 16. Rfe1 a4 17. b4 dxc4 18. Nxa4 c5 19. d5 Bxd5 20. Rxd5 exd5 21.
e6 fxe6 22. Rxe6 Bf6 23. Bxf6 Rxf6 24. Qe2 Rxe6 25. Qxe6+ Kh8 26. h5 Nf8 27. Qxb6 Rc6 28. Qa5 Nc7 29. Qxa8 Nxa8 30. Ne5 Ra6 31. Nxc5 Rxa3 32.
Bxd5 Nc7 33. Bxc4 g5 34. hxg6 Kg7 35. Bf7 Ra1+ 36. Kg2 Rb1 37. Ncd3 Nce6 38. f4 Nd4 39. g4 Nfe6 40. f5 Ng5 41. Nf4 Kf6 42. Nd5+ Kg7 43. f6+ 1-0

[Event "Early-Titled-Tuesday-Blitz-October-17-2023"]
[Site "Chess.com"]
[Date "2023.10.17"]
[Round "6"]
[White "arminmusovic"]
[Black "GradualismUnleashed"]
[Result "0-1"]
[WhiteElo "2493"]
[BlackElo "2623"]
[TimeControl "180+1"]
[EndTime "9:11:30 PDT"]
[Termination "GradualismUnleashed won by checkmate"]

1. a3 g6 2. Nc3 Bg7 3. e4 c5 4.
Bc4 Nc6 5. d3 a6 6. Ba2 e6 7.
Nge2 b5 8. O-O Nge7 9. f4 d6 10. f5 exf5 11. Ng3 Nd4 12. Bg5 Be6 13. exf5 Ndxf5 14. Bxe6 fxe6 15. Nxf5 gxf5 16. Qh5+ Kd7 17.
Qf7 Qf8 18. Qh5 Ng6 19. Rae1 Bd4+ 20. Kh1 Qf7 21. Ne2 Bxb2 22. Qf3 Rab8 23. d4 cxd4 24. Qb3 Bc3 25. Nxc3 dxc3 26. Qxc3 Rhc8 27. Qa5 Rc6 28. Re2 f4 29. Rd2 Qf5 30. Bh6 b4 31. Qxf5 exf5 32. axb4 Rxb4 33. h3 a5 34. Ra1 a4 35. Rf2 Rc3 36. Bg7 Re3 37. c3 Rc4 38. Bd4 Re4 39. Rfa2 Ne5 40. Rxa4 Rxa4 41. Rxa4 f3 42. Ra7+ Ke6 43.
gxf3 Nxf3 44. Rxh7 Re2 45. Bg1 Re1 46. Rg7 Kd5 47. Rg3 Ke4 48. h4 Nxh4 49. Kh2 Nf3+ 50. Rxf3 Kxf3 51. Bd4 Re2+ 52. Kh3 f4 53. Bf6 Re6 54. Bd4 Rh6# 0-1

[Event "Early-Titled-Tuesday-Blitz-October-17-2023"]
[Site "Chess.com"]
[Date "2023.10.17"]
[Round "6"]
[White "Flaccidmoves"]
[Black "Goryachkina"]
[Result "0-1"]
[WhiteElo "2414"]
[BlackElo "2644"]
[TimeControl "180+1"]
[EndTime "9:11:30 PDT"]
[Termination "Goryachkina won on time"]

1. Nf3 d5 2. g3 c5 3. Bg2 Nc6 4. d4 Nf6 5. O-O e6 6. c4 dxc4 7. dxc5 Qxd1 8. Rxd1 Bxc5 9. Nbd2 c3 10. bxc3 Bd7 11. Rb1 O-O-O 12. Nb3 Bb6 13. Bg5 h6 14.
Bxf6 gxf6 15. c4 Ne7 16. c5 Bc7 17. Nfd2 Bb5 18. e3 Be2 19. Rdc1 Bd3 20. Rb2 Nc6 21. Nd4 Nxd4 22. Bxb7+ Kd7 23. exd4 Ke7 24. Nf3 Rb8 25. Rd2 Bf5 26. c6 Be4 27. Nh4 Rhd8 28. Rc5 Bd5 29. Re2 Kd6 30. Ng2 Bb6 31. Rxd5+ exd5 32. Nh4 Re8 33.
Nf5+ Kc7 34. Rxe8 Rxe8 35. Kg2 Re2 36. Nxh6 Bxd4 37. Nxf7 Rxf2+ 38. Kh3 Rxa2 39. Nh6 Bg1 40. Nf5 d4 41. Ne7 d3 42. Nd5+ Kb8 0-1

[Event "Early-Titled-Tuesday-Blitz-October-17-2023"]
[Site "Chess.com"]
[Date "2023.10.17"]
[Round "6"]
[White "venturov"]
[Black "Bauman_Guy"]
[Result "1/2-1/2"]
[WhiteElo "2468"]
[BlackElo "2844"]
[TimeControl "180+1"]
[EndTime "9:11:33 PDT"]
[Termination "Game drawn - insufficient material"]

1. e4 c5 2. Nf3 d6 3. d4 Nf6 4. Nc3 cxd4 5. Nxd4 a6 6. h3 e5 7.
Nf3 Be7 8. g4 b5 9. g5 Nfd7 10. h4 Bb7 11. a4 b4 12. Nd5 Nb6 13.
Nxb6 Qxb6 14. Be3 Qc7 15. Nd2 Nd7 16. Qf3 Nc5 17. Bxc5 Qxc5 18. Bd3 h6 19. Rg1 hxg5 20. hxg5 g6 21. O-O-O Rc8 22. Kb1 Rh5 23. Bc4 Qxc4 24. Nxc4 Rxc4 25. Rde1 Bxg5 26. Rh1 Rxh1 27. Qxh1 Ke7 28.
Qg2 Bf4 29. f3 d5 30. exd5 Bxd5 31. Rd1 Be6 32. Qf2 Kf6 33. Qh4+ Bg5 34. Qh8+ Kf5 35. Re1 Bf4 36. Qh3+ Kf6 37. Qh8+ Kf5 38. Qh3+ Kf6 39. Qh8+ Ke7 40. Rd1 Rc8 41. Qh4+ g5 42. Qh7 b3 43. cxb3 Bxb3 44. Qf5 Rc7 45. Re1 Rc5 46. Qe4 Kf6 47. Qd3 Bc2+ 48. Qxc2 Rxc2 49. Kxc2 Ke6 50. Kd3 Kd5 51.
b4 f5 52. b5 axb5 53. axb5 Kc5 54. Rb1 Kb6 55. Kc4 g4 56. fxg4 fxg4 57. Kd3 g3 58.
Ke4 g2 59. Rg1 Kxb5 60. Rxg2 Kc4 61. Rg4 Kc3 62. Rxf4 exf4 63. Kxf4 1/2-1/2